 Dungeon Crawl Stone Soup version 0.30.1-11-g7821555f0a (webtiles) character file.

Game seed: 14897968295293141251

1145 fireball365 the Cleaver (level 8, -19/70 HPs)
             Began as a Hill Orc Fighter on Nov 23, 2023.
             Was an Initiate of Gozag.
             Killed from afar by a steam dragon (22 damage)
             ... with a ball of steam
             ... on level 6 of the Dungeon.
             The game lasted 00:07:23 (4844 turns).

fireball365 the Cleaver (Hill Orc Fighter)          Turns: 4844, Time: 00:07:24

Health: -19/70     AC: 14    Str: 21    XL:     8   Next: 37%
Magic:  8/8        EV:  6    Int:  8    God:    Gozag
Gold:   198        SH: 12    Dex: 10    Spells: 7/7 levels left

rFire   . . .        A - +2 war axe (elec)
rCold   . . .        y - +0 tower shield
rNeg    . . .        f - +0 chain mail
rPois   .            (no helmet)
rElec   .            x - +0 cloak
rCorr   .            (no gloves)
SInv    .            n - +2 pair of boots
Will    .....        (no amulet) Stlth
                     (no ring)
HPRegen 0.31/turn    (no ring)
MPRegen 0.11/turn

%: no passive effects
@: no status effects
A: no striking features
a: Renounce Religion, Potion Petition, Call Merchant, Bribe Branch


You were on level 6 of the Dungeon.
You worshipped Gozag.
Gozag was aware of your devotion.
You visited 2 branches of the dungeon, and saw 7 of its levels.

You collected 378 gold pieces.
You spent 49 gold pieces at shops.
You paid 131 gold pieces to Gozag.

Inventory:

Hand Weapons
 a - a +0 war axe
 A - a +2 war axe of electrocution (weapon)
Missiles
 p - a throwing net (quivered)
Armour
 b - a +0 scale mail
 c - a +0 buckler
 f - a +0 chain mail (worn)
 n - a +2 pair of boots (worn)
 x - a +0 cloak (worn)
 y - a +0 tower shield (worn)
Jewellery
 C - a +6 ring of dexterity
Wands
 B - a wand of iceblast (8)
Scrolls
 j - a scroll of enchant weapon {unknown}
 k - 2 scrolls of brand weapon {unknown}
 l - a scroll of fog {unknown}
 r - 3 scrolls of vulnerability {unknown}
 t - 2 scrolls of poison {unknown}
 z - a scroll of amnesia {unknown}
 D - a scroll of identify
Potions
 d - 4 potions of might
 e - a potion of curing {unknown}
 g - a potion of berserk rage
 h - 3 potions of attraction
 i - a potion of invisibility {unknown}
 m - 2 potions of haste {unknown}
 o - 2 potions of magic {unknown}
 q - a potion of heal wounds
 s - 2 potions of degeneration {unknown}
 u - 2 potions of lignification {unknown}
 v - a potion of flight {unknown}
 w - a potion of cancellation {unknown}


   Skills:
 + Level 5.8 Fighting
 + Level 8.4 Axes
 + Level 6.0 Armour
 + Level 2.2 Dodging
 + Level 0.5 Stealth
 + Level 4.6 Shields


You had 7 spell levels left.
You didn't know any spells.
Your spell library contained the following spells:

 Spells                   Type           Power      Damage    Failure   Level
 Portal Projectile        Hex/Tloc       0%         N/A       100%        3
 Tukima's Dance           Hex            0%         N/A       100%        3
 Blade Hands              Tmut           0%         N/A       100%        5


Dungeon Overview and Level Annotations

Branches:
Dungeon (6/15)             Temple (1/1) D:6

Altars:
Ashenzari
Cheibriados
Elyvilon
Fedhas
Gozag
Hepliaklqana
Kikubaaqudgha
Okawaru
Qazlal
Vehumet
Xom
Zin

Shops:
D:2 ?   D:3 [   D:5 *


Message History

The ball of steam hits you!
You hear an angry growl.
You closely miss something. You barely miss the steam dragon.
You are engulfed in a cloud of scalding steam.
You hear some strange, mumbled words.
A puff of flame appears from out of thin air!
The puff of flame hits you. The steam dragon bites you.
The steam dragon claws you but does no damage.
You hear some strange, mumbled words.
A magic dart appears from out of thin air!
The magic dart hits you but does no damage.
The steam dragon bites you.
* * * LOW HITPOINT WARNING * * *
You block the steam dragon's attack.
You barely miss the steam dragon.
The steam dragon is moderately wounded.
You closely miss something.
You hear some strange, mumbled words.
A magic dart appears from out of thin air!
The magic dart hits you.
* * * LOW HITPOINT WARNING * * *
The steam dragon bites you but does no damage.
You block the steam dragon's attack.
A black bear comes into view.
You completely miss the steam dragon.
The steam dragon is moderately wounded.
You hit something. Something hits you.
* * * LOW HITPOINT WARNING * * *
You block the steam dragon's attack. x2
You hit the steam dragon but do no damage.
The steam dragon is moderately wounded.
You miss something. You block something's attack. The steam dragon bites you!
* * * LOW HITPOINT WARNING * * *
The steam dragon claws you.
* * * LOW HITPOINT WARNING * * *
You block something's attack. The steam dragon breathes steam at you.
The ball of steam hits you!!
You die...
Your body crumbles into a pile of gold.

............
##......##.....
....
#........#.....
....
#.............#
...
.............#
...
.............#
.##
.............##
......D$......##
......{@.......##
#
...|...$.§......#
###
................#
##..
...............##
#...
...............#
#...
.......h....§..#
#...
..............##
#...
..............#
##..
.............##
######..


You could see a steam dragon (catching breath) and a black bear.

Vanquished Creatures
  Sigmund (D:3)
  2 water moccasins (D:5)
  A centaur (D:5)
  3 wights
  2 howler monkeys
  A hound (D:4)
  A jelly (D:4)
  An orc priest (D:6)
  2 iguanas
  3 sleepcaps
  7 gnolls (D:4)
  8 adders
  A white imp (D:4)
  An ufetubus (D:4)
  2 worms
  3 dart slugs
  2 orcs (D:6)
  5 endoplasms
  3 giant cockroaches (D:1)
  11 goblins
  5 hobgoblins
  8 jackals (D:4)
  8 kobolds
  5 quokkas
  10 ball pythons
  4 bats
  5 frilled lizards
  3 rats (D:1)
  A spectral hobgoblin (D:2)
109 creatures vanquished.

Notes
Turn   | Place    | Note
-------+----------+-------------------------------------------
     0 | D:1      | fireball365 the Hill Orc Fighter began the quest for the
                  | Orb.
     0 | D:1      | Reached XP level 1. HP: 19/19 MP: 1/1
    80 | D:1      | Reached XP level 2. HP: 24/27 MP: 2/2
   145 | D:1      | Reached skill level 3 in Axes
   568 | D:1      | Reached XP level 3. HP: 33/33 MP: 3/3
  1136 | D:2      | Found Zoofutit's Magic Scroll Shop.
  1174 | D:2      | Reached skill level 4 in Axes
  1248 | D:2      | Found a faded altar of an unknown god.
  1277 | D:2      | Reached XP level 4. HP: 39/39 MP: 4/4
  2021 | D:3      | Noticed Sigmund
  2041 | D:3      | Killed Sigmund
  2042 | D:3      | Reached skill level 5 in Axes
  2042 | D:3      | Reached XP level 5. HP: 17/47 MP: 5/5
  2042 | D:3      | Reached XP level 6. HP: 19/53 MP: 6/6
  2197 | D:3      | Found Joatoc's Antique Armour Shoppe.
  2238 | D:3      | Found a shimmering altar of Xom.
  2241 | D:3      | Found a shimmering altar of Xom.
  2932 | D:4      | Reached skill level 1 in Dodging
  3014 | D:4      | Reached skill level 6 in Axes
  3079 | D:4      | Reached skill level 5 in Armour
  3122 | D:4      | Reached XP level 7. HP: 36/60 MP: 7/7
  3599 | D:4      | Reached skill level 5 in Fighting
  3691 | D:5      | Entered Level 5 of the Dungeon
  3794 | D:5      | Reached skill level 7 in Axes
  3972 | D:5      | Reached skill level 8 in Axes
  3972 | D:5      | Reached XP level 8. HP: 55/69 MP: 8/8
  4217 | D:5      | Found Ykugis's Mass Market.
  4225 | D:5      | Bought a +0 tower shield for 49 gold pieces
  4472 | D:6      | Found an ancient bone altar of Kikubaaqudgha.
  4560 | D:6      | Found a staircase to the Ecumenical Temple.
  4568 | Temple   | Entered the Ecumenical Temple
  4706 | Temple   | Became a worshipper of Gozag Ym Sagoz the Greedy
  4844 | D:6      | HP: 3/70 [steam dragon (2)]
  4844 | D:6      | Killed from afar by a steam dragon

Illustrated notes

Levels and vault maps discovered:
D:1:      dpeg_arrival_radiant, layout_basic
D:2:      layout_basic, dreamdust_ecumenical_altar_drowned_temple, serial_shops,
          nicolae_shop_advertising_works [nicolae_subvault_shop_adworks]
D:3:      layout_basic, xom_redecorated, serial_shops, shop,
          minmay_misc_feat_tower, minmay_shallow_snake_nest, uniq_sigmund
D:4:      layout_loops_cross, hangedman_feature_mirror,
          hangedman_feature_mirror, grunt_ministairs_13
D:5:      layout_rooms, minmay_shop_mass
D:6:      layout_cave_pods, mainiacjoe_overflow_brackets, amcnicky_altar_gilded,
          minmay_temple_entry_ruins
Temple:   dpeg_chambers_temple

Skill      XL: |  1  2  3  4  5  6  7  8 |
---------------+-------------------------+-----
Axes           | 3 4 5 6 8 |  8.4
Fighting       | 4 5 |  5.8
Armour         | 4 5 6 |  6.0
Dodging        | 1 2 |  2.2
Shields        | 4 |  4.6
Stealth        | |  0.5

Action                     |  1- 3 |  4- 6 |  7- 9 || total
---------------------------+-------+-------+-------++-------
  Melee: War axe           |   126 |   131 |   116 ||   373
    Use: Scroll            |       |     2 |     1 ||     3
         Potion            |       |       |     1 ||     1
 Armour: Scale mail        |    70 |    54 |    46 ||   170
         Chain mail        |       |       |    28 ||    28
  Dodge: Dodged            |    81 |    53 |    81 ||   215
  Block: Buckler           |    49 |    29 |    33 ||   111
         Tower shield      |       |       |    33 ||    33
